[ AOE2 MATCH · #504836039 ]
UnrankedGoths vs Koreans
[ REPLAY ANALYSIS · EXTRACTED FROM THE RECORDED GAME ]
Feudal
13:21
Castle
16:51
Imperial
35:50
| APM avg | 31.6 |
| APM peak | 63 |
| eAPM avg | 18.3 |
| Villagers / military | 308 / 179 |
Focus
⚔️ 30.4% · 🌾 69.6%
Hand Cannoneer ×123 · Unknown (882) ×80 · Huskarl ×15 · Spearman ×15 · Militia ×10 · Scorpion ×5
Feudal
14:14
Castle
19:51
Imperial
34:24
| APM avg | 24.2 |
| APM peak | 55 |
| eAPM avg | 14.3 |
| Villagers / military | 141 / 145 |
Focus
⚔️ 36.8% · 🌾 63.2%
Genoese Crossbowman ×136 · Unknown (882) ×124 · Trebuchet (Packed) ×7 · Archer ×2
Feudal
13:53
Castle
26:21
Imperial
42:07
| APM avg | 43.6 |
| APM peak | 87 |
| eAPM avg | 24.9 |
| Villagers / military | 162 / 407 |
Focus
⚔️ 22.4% · 🌾 77.6%
Knight ×218 · Scout Cavalry ×107 · Archer ×65 · Obuch ×6 · Trebuchet (Packed) ×4 · Spearman ×3
Feudal
14:26
Castle
24:28
Imperial
43:35
| APM avg | 27.1 |
| APM peak | 77 |
| eAPM avg | 14.1 |
| Villagers / military | 182 / 209 |
Focus
⚔️ 36.8% · 🌾 63.2%
Skirmisher ×101 · Knight ×80 · Scout Cavalry ×11 · War Wagon ×9 · Iron Pagoda ×6 · Spearman ×2
Feudal
12:59
Castle
18:34
Imperial
64:21
| APM avg | 24.6 |
| APM peak | 58 |
| eAPM avg | 13.4 |
| Villagers / military | 165 / 100 |
Focus
⚔️ 24.3% · 🌾 75.7%
Spearman ×35 · Militia ×34 · Samurai ×23 · Unknown (1260) ×10 · Scorpion ×4 · Trebuchet (Packed) ×2
Feudal
13:47
Castle
17:17
Imperial
36:32
| APM avg | 37.5 |
| APM peak | 88 |
| eAPM avg | 22.3 |
| Villagers / military | 296 / 597 |
Focus
⚔️ 37.9% · 🌾 62.1%
Kamayuk ×287 · Skirmisher ×183 · Petard ×82 · Battering Ram ×45 · Unknown (1260) ×40
Feudal
13:43
Castle
17:15
Imperial
33:25
| APM avg | 29.9 |
| APM peak | 69 |
| eAPM avg | 19.7 |
| Villagers / military | 237 / 359 |
Focus
⚔️ 40.1% · 🌾 59.9%
Knight ×187 · Kipchak ×143 · Unknown (1260) ×30 · Camel Scout ×17 · Trebuchet (Packed) ×9 · Spearman ×2
Feudal
12:48
Castle
16:25
Imperial
34:07
| APM avg | 49.8 |
| APM peak | 99 |
| eAPM avg | 30.0 |
| Villagers / military | 190 / 596 |
Focus
⚔️ 46.1% · 🌾 53.9%
Spearman ×369 · Knight ×172 · Battering Ram ×19 · Trade Cart ×18 · Mangonel ×17 · Serjeant ×15
Match map
Initial resources + every placement click. Lines = walls · curves = elevation contours. ◆ gold · ⬟ stone · ● berries · ✦ relic · ◌ wall gap
Your base· Open — unwalled flank
Saiyan97's base· Open — unwalled flank
g0ldenJew's base· Open — unwalled flank
xPawno's base· Open — unwalled flank
dekster's base· Open — unwalled flank
Athenaeis's base· Open — 5t gap
flynorc's base· Open — unwalled flank
velikasarma122's base· Open — unwalled flank
Smoothed initial terrain · ◌ = detected wall gap · hover for details
Inputs per minute
— Jimmy - - Saiyan97
Build order — Jimmy
First 150 of 547 actions detected
| 0:11 | Build | Town Center |
| 2:21 | Build | House |
| 2:46 | Queue | Villager (Male) |
| 2:46 | Queue | Villager (Male) |
| 2:46 | Queue | Villager (Male) |
| 2:47 | Queue | Villager (Male) |
| 3:40 | Build | House |
| 3:52 | Build | Lumber Camp |
| 4:03 | Queue | Villager (Male) |
| 4:07 | Build | House |
| 4:47 | Queue | Villager (Male) |
| 5:00 | Build | House |
| 5:02 | Build | House |
| 5:09 | Queue | Villager (Male) |
| 5:46 | Queue | Villager (Male) |
| 5:46 | Queue | Villager (Male) |
| 5:52 | Build | House |
| 6:08 | Build | House |
| 6:25 | Queue | Villager (Male) |
| 6:27 | Queue | Villager (Male) |
| 7:08 | Queue | Villager (Male) |
| 7:08 | Queue | Villager (Male) |
| 7:32 | Queue | Villager (Male) |
| 7:51 | Queue | Villager (Male) |
| 7:51 | Queue | Villager (Male) |
| 7:54 | Build | House |
| 8:09 | Build | House |
| 8:51 | Build | House |
| 9:07 | Build | Mill |
| 9:11 | Queue | Villager (Male) |
| 9:32 | Queue | Villager (Male) |
| 10:11 | Queue | Villager (Male) |
| 10:32 | Build | Mining Camp |
| 10:33 | Queue | Villager (Male) |
| 10:57 | Research | Feudal Age |
| 13:00 | Queue | Villager (Male) |
| 13:20 | Queue | Villager (Male) |
| 13:21 | Age | Feudal Age |
| 13:23 | Build | Market |
| 13:25 | Build | Blacksmith |
| 13:50 | Build | Mining Camp |
| 14:09 | Build | House |
| 14:11 | Research | Castle Age |
| 14:35 | Research | Double-Bit Axe |
| 14:45 | Build | House |
| 14:52 | Build | Palisade Wall |
| 14:54 | Build | Palisade Gate |
| 15:11 | Research | Loom |
| 15:42 | Build | Dock |
| 16:24 | Build | Palisade Wall |
| 16:29 | Queue | Fishing Ship |
| 16:37 | Queue | Villager (Male) |
| 16:51 | Age | Castle Age |
| 16:55 | Queue | Villager (Male) |
| 17:11 | Build | Castle |
| 17:19 | Build | Castle |
| 17:21 | Queue | Villager (Male) |
| 17:31 | Queue | Villager (Male) |
| 17:37 | Build | Palisade Wall |
| 17:51 | Build | Palisade Wall |
| 17:56 | Queue | Fishing Ship |
| 18:09 | Research | Scale Mail Armor |
| 18:11 | Queue | Villager (Male) |
| 18:15 | Queue | Fishing Ship |
| 18:24 | Queue | Huskarl |
| 18:25 | Queue | Huskarl |
| 18:43 | Build | Palisade Gate |
| 18:48 | Queue | Villager (Male) |
| 19:06 | Queue | Huskarl |
| 19:15 | Build | Town Center |
| 19:21 | Queue | Fishing Ship |
| 19:34 | Queue | Villager (Male) |
| 19:35 | Queue | Huskarl |
| 19:49 | Queue | Huskarl |
| 20:24 | Build | Farm |
| 20:24 | Build | Farm |
| 20:24 | Build | Farm |
| 20:24 | Build | Farm |
| 20:25 | Build | Farm |
| 20:34 | Queue | Villager (Male) |
| 20:50 | Queue | Villager (Male) ×2 |
| 20:50 | Queue | Villager (Male) ×3 |
| 21:09 | Build | Farm |
| 21:13 | Queue | Villager (Male) |
| 21:30 | Queue | Villager (Male) |
| 21:52 | Queue | Villager (Male) |
| 22:00 | Queue | Villager (Male) |
| 22:04 | Build | Town Center |
| 22:13 | Build | Farm |
| 22:35 | Queue | Villager (Male) |
| 22:43 | Build | Siege Workshop |
| 22:48 | Queue | Huskarl |
| 22:50 | Research | Chain Mail Armor |
| 23:40 | Queue | Villager (Male) |
| 23:40 | Queue | Villager (Male) |
| 23:43 | Queue | Huskarl |
| 23:54 | Build | Fish Trap |
| 23:55 | Queue | Villager (Male) ×2 |
| 24:07 | Build | Siege Workshop |
| 24:12 | Build | Farm |
| 24:13 | Queue | Huskarl |
| 24:15 | Queue | Villager (Male) |
| 24:18 | Build | Barracks |
| 24:24 | Build | Mill |
| 24:28 | Queue | Huskarl |
| 24:37 | Queue | Huskarl |
| 24:53 | Queue | Villager (Male) |
| 25:05 | Queue | Villager (Male) |
| 25:22 | Build | Town Center |
| 25:26 | Queue | Scorpion |
| 25:29 | Build | House |
| 25:43 | Queue | Villager (Male) |
| 25:48 | Research | Bow Saw |
| 25:48 | Research | Horse Collar |
| 25:49 | Research | Horse Collar |
| 25:52 | Build | Farm |
| 25:59 | Queue | Scorpion |
| 26:05 | Build | House |
| 26:08 | Build | Outpost |
| 26:12 | Queue | Villager (Male) |
| 26:15 | Build | Fish Trap |
| 26:17 | Build | Fish Trap |
| 26:20 | Build | Fish Trap |
| 26:28 | Queue | Huskarl |
| 26:30 | Queue | Scorpion |
| 26:33 | Build | House |
| 26:36 | Queue | Villager (Male) |
| 26:51 | Build | Lumber Camp |
| 26:52 | Queue | Villager (Male) |
| 26:59 | Queue | Fishing Ship |
| 27:06 | Queue | Scorpion |
| 27:48 | Queue | Scorpion |
| 28:02 | Build | Fish Trap |
| 28:04 | Queue | Villager (Male) |
| 28:04 | Queue | Villager (Male) |
| 28:05 | Research | Wheelbarrow |
| 28:07 | Queue | Villager (Male) |
| 28:19 | Build | Mill |
| 28:23 | Queue | Villager (Male) |
| 28:30 | Build | Mill |
| 28:30 | Build | Farm |
| 28:30 | Build | Farm |
| 28:31 | Build | Farm |
| 28:31 | Build | Farm |
| 28:31 | Build | Farm |
| 28:31 | Build | Farm |
| 28:32 | Build | Farm |
| 28:39 | Build | Lumber Camp |
| 28:40 | Research | Gold Mining |
| 28:41 | Research | Stone Mining |
Build order — Saiyan97
First 150 of 402 actions detected
| 0:55 | Build | Town Center |
| 2:37 | Build | House |
| 2:54 | Queue | Villager (Male) |
| 2:54 | Queue | Villager (Male) |
| 2:54 | Queue | Villager (Male) |
| 2:55 | Queue | Villager (Male) |
| 2:59 | Build | House |
| 3:48 | Research | Loom |
| 3:50 | Queue | Villager (Male) |
| 3:59 | Queue | Villager (Male) |
| 4:47 | Queue | Villager (Male) |
| 4:48 | Queue | Villager (Male) |
| 5:14 | Queue | Villager (Male) |
| 5:33 | Build | Lumber Camp |
| 5:43 | Queue | Villager (Male) |
| 5:43 | Queue | Villager (Male) |
| 6:04 | Queue | Villager (Male) |
| 7:11 | Build | House |
| 7:21 | Queue | Villager (Male) |
| 7:22 | Queue | Villager (Male) |
| 7:22 | Queue | Villager (Male) |
| 7:52 | Build | House |
| 8:02 | Build | Palisade Wall |
| 8:04 | Build | Palisade Wall |
| 8:08 | Build | Palisade Wall |
| 8:13 | Queue | Villager (Male) |
| 8:30 | Queue | Villager (Male) |
| 8:30 | Queue | Villager (Male) |
| 9:09 | Build | Palisade Gate |
| 9:13 | Queue | Villager (Male) |
| 9:13 | Queue | Villager (Male) |
| 9:30 | Queue | Villager (Male) |
| 9:49 | Queue | Villager (Male) |
| 10:03 | Build | Barracks |
| 10:04 | Queue | Villager (Male) |
| 10:59 | Queue | Villager (Male) |
| 11:20 | Build | Mining Camp |
| 11:24 | Queue | Villager (Male) |
| 11:44 | Research | Feudal Age |
| 11:53 | Queue | Villager (Male) |
| 12:03 | Queue | Villager (Male) |
| 12:15 | Queue | Villager (Male) |
| 12:18 | Queue | Villager (Male) |
| 12:36 | Build | House |
| 12:49 | Build | House |
| 12:51 | Build | House |
| 13:08 | Queue | Villager (Male) |
| 13:15 | Queue | Villager (Male) |
| 13:44 | Build | House |
| 14:14 | Age | Feudal Age |
| 14:23 | Build | Blacksmith |
| 14:34 | Build | Archery Range |
| 15:30 | Build | Mill |
| 15:31 | Queue | Villager (Male) |
| 15:31 | Queue | Villager (Male) |
| 15:42 | Queue | Villager (Male) |
| 16:08 | Build | Market |
| 16:10 | Queue | Villager (Male) |
| 16:28 | Build | Farm |
| 16:55 | Build | Mining Camp |
| 17:04 | Research | Castle Age |
| 17:28 | Build | Mining Camp |
| 17:57 | Build | House |
| 17:59 | Build | House |
| 18:02 | Build | House |
| 18:07 | Build | Palisade Wall |
| 18:23 | Queue | Villager (Male) |
| 18:24 | Queue | Villager (Male) |
| 18:32 | Queue | Archer |
| 18:40 | Queue | Villager (Male) |
| 18:51 | Queue | Archer |
| 19:36 | Build | Farm |
| 19:41 | Build | Farm |
| 19:51 | Age | Castle Age |
| 20:00 | Build | Castle |
| 20:16 | Build | House |
| 20:27 | Build | Castle |
| 20:47 | Queue | Villager (Male) |
| 20:47 | Queue | Villager (Male) |
| 21:04 | Build | Town Center |
| 21:36 | Build | Castle |
| 22:56 | Build | Castle |
| 22:58 | Queue | Villager (Male) |
| 22:58 | Queue | Villager (Male) |
| 23:13 | Queue | Villager (Male) |
| 23:13 | Queue | Villager (Male) |
| 23:41 | Build | Farm |
| 23:44 | Build | Farm |
| 23:46 | Build | Farm |
| 23:48 | Build | Farm |
| 23:52 | Queue | Genoese Crossbowman |
| 24:17 | Queue | Genoese Crossbowman |
| 24:31 | Queue | Villager (Male) |
| 24:31 | Queue | Villager (Male) |
| 24:36 | Queue | Villager (Male) |
| 24:42 | Build | Farm |
| 24:56 | Queue | Villager (Male) |
| 25:05 | Queue | Genoese Crossbowman |
| 25:11 | Queue | Villager (Male) |
| 25:21 | Queue | Villager (Male) |
| 25:21 | Queue | Villager (Male) |
| 25:27 | Build | Farm |
| 25:38 | Queue | Genoese Crossbowman |
| 25:45 | Queue | Villager (Male) ×2 |
| 25:49 | Queue | Villager (Male) |
| 26:13 | Queue | Villager (Male) ×4 |
| 26:23 | Queue | Villager (Male) |
| 26:30 | Build | Farm |
| 26:37 | Queue | Villager (Male) |
| 26:40 | Build | Farm |
| 26:46 | Queue | Genoese Crossbowman |
| 26:46 | Queue | Genoese Crossbowman |
| 26:46 | Queue | Genoese Crossbowman |
| 26:48 | Queue | Villager (Male) |
| 27:01 | Build | Palisade Wall |
| 27:02 | Build | Palisade Wall |
| 27:04 | Queue | Villager (Male) |
| 27:16 | Queue | Villager (Male) |
| 27:24 | Queue | Genoese Crossbowman |
| 27:24 | Queue | Genoese Crossbowman |
| 27:39 | Research | Padded Archer Armor |
| 27:54 | Queue | Genoese Crossbowman |
| 28:26 | Build | Mining Camp |
| 28:59 | Build | Palisade Wall |
| 29:01 | Build | Palisade Wall |
| 29:04 | Queue | Villager (Male) |
| 29:22 | Build | Outpost |
| 29:29 | Build | House |
| 29:30 | Build | House |
| 29:30 | Build | House |
| 29:55 | Build | Outpost |
| 29:58 | Build | Outpost |
| 29:59 | Build | Outpost |
| 31:14 | Research | Imperial Age |
| 31:15 | Queue | Villager (Male) |
| 31:15 | Queue | Villager (Male) |
| 31:16 | Queue | Villager (Male) |
| 31:50 | Build | Town Center |
| 31:52 | Queue | Villager (Male) |
| 31:52 | Queue | Villager (Male) |
| 32:35 | Queue | Genoese Crossbowman |
| 32:35 | Queue | Genoese Crossbowman |
| 32:35 | Queue | Genoese Crossbowman |
| 32:35 | Queue | Genoese Crossbowman |
| 33:09 | Build | Palisade Wall |
| 33:13 | Build | Palisade Wall |
| 33:14 | Build | Palisade Wall |
| 33:16 | Queue | Villager (Male) |
| 33:16 | Queue | Villager (Male) |
| 33:38 | Queue | Villager (Male) |
Build order — g0ldenJew
First 150 of 561 actions detected
| 0:14 | Build | Town Center |
| 0:17 | Build | House |
| 2:43 | Queue | Villager (Male) |
| 2:43 | Queue | Villager (Male) |
| 2:43 | Queue | Villager (Male) |
| 2:44 | Queue | Villager (Male) |
| 2:44 | Research | Loom |
| 3:54 | Queue | Villager (Male) |
| 4:05 | Build | House |
| 4:08 | Queue | Villager (Male) |
| 5:09 | Queue | Villager (Male) |
| 5:26 | Build | Lumber Camp |
| 5:35 | Queue | Villager (Male) |
| 5:40 | Queue | Villager (Male) |
| 6:28 | Build | House |
| 6:36 | Queue | Villager (Male) |
| 7:07 | Build | Palisade Wall |
| 7:18 | Queue | Villager (Male) |
| 7:29 | Queue | Villager (Male) |
| 7:46 | Queue | Villager (Male) |
| 7:51 | Queue | Villager (Male) |
| 8:35 | Build | Mill |
| 8:36 | Queue | Villager (Male) |
| 8:47 | Queue | Villager (Male) |
| 9:28 | Build | House |
| 9:50 | Queue | Villager (Male) |
| 9:57 | Build | House |
| 9:59 | Build | House |
| 10:11 | Build | House |
| 10:22 | Queue | Villager (Male) |
| 10:43 | Queue | Villager (Male) |
| 11:12 | Queue | Villager (Male) |
| 11:24 | Build | Palisade Gate |
| 11:40 | Queue | Villager (Male) |
| 11:43 | Research | Feudal Age |
| 12:07 | Build | Palisade Wall |
| 12:08 | Build | Palisade Wall |
| 12:09 | Build | Palisade Wall |
| 12:10 | Build | Palisade Wall |
| 12:10 | Build | Palisade Wall |
| 12:11 | Build | Palisade Wall |
| 12:26 | Build | Barracks |
| 12:36 | Build | House |
| 13:08 | Build | House |
| 13:13 | Build | Farm |
| 13:18 | Queue | Villager (Male) |
| 13:19 | Queue | Villager (Male) |
| 13:27 | Build | Palisade Wall |
| 13:34 | Build | Palisade Wall |
| 13:37 | Queue | Villager (Male) |
| 13:53 | Age | Feudal Age |
| 13:56 | Build | Stable |
| 14:11 | Build | Stable |
| 14:12 | Research | Horse Collar |
| 14:20 | Research | Double-Bit Axe |
| 14:39 | Build | Farm |
| 14:57 | Queue | Scout Cavalry |
| 15:03 | Queue | Scout Cavalry |
| 15:07 | Build | Palisade Wall |
| 15:07 | Queue | Villager (Male) |
| 15:12 | Build | Farm |
| 15:13 | Build | Farm |
| 15:17 | Build | Farm |
| 15:19 | Queue | Villager (Male) |
| 15:23 | Build | House |
| 15:30 | Queue | Scout Cavalry |
| 15:47 | Build | Mill |
| 15:57 | Build | House |
| 16:03 | Queue | Scout Cavalry |
| 16:04 | Queue | Villager (Male) |
| 16:13 | Build | Farm |
| 16:14 | Build | Farm |
| 16:29 | Queue | Villager (Male) |
| 16:46 | Queue | Scout Cavalry |
| 16:49 | Queue | Villager (Male) |
| 16:49 | Queue | Villager (Male) |
| 16:51 | Build | Farm |
| 16:54 | Build | Farm |
| 16:57 | Build | Farm |
| 16:57 | Build | Farm |
| 17:04 | Queue | Scout Cavalry |
| 17:22 | Queue | Scout Cavalry |
| 17:35 | Build | Blacksmith |
| 17:40 | Queue | Scout Cavalry |
| 17:41 | Queue | Scout Cavalry |
| 17:41 | Queue | Scout Cavalry |
| 17:46 | Queue | Villager (Male) |
| 17:51 | Build | Farm |
| 18:04 | Queue | Villager (Male) |
| 18:11 | Queue | Scout Cavalry |
| 18:12 | Queue | Scout Cavalry |
| 18:13 | Queue | Villager (Male) |
| 18:23 | Queue | Villager (Male) |
| 18:33 | Queue | Villager (Male) |
| 18:33 | Queue | Villager (Male) |
| 18:36 | Build | House |
| 18:43 | Queue | Villager (Male) |
| 18:57 | Research | Forging |
| 19:37 | Research | Scale Barding Armor |
| 19:39 | Build | House |
| 19:39 | Queue | Villager (Male) |
| 19:51 | Build | Mill |
| 19:54 | Build | Farm |
| 19:54 | Build | Farm |
| 19:54 | Build | Farm |
| 19:55 | Build | Farm |
| 19:55 | Build | Farm |
| 19:55 | Build | Farm |
| 19:56 | Build | Farm |
| 20:22 | Queue | Villager (Male) |
| 20:30 | Build | Mining Camp |
| 20:32 | Build | Farm |
| 20:36 | Build | Farm |
| 21:10 | Queue | Scout Cavalry ×5 |
| 21:11 | Queue | Villager (Male) |
| 21:19 | Build | Mill |
| 21:22 | Queue | Villager (Male) |
| 21:32 | Queue | Villager (Male) |
| 21:35 | Build | House |
| 21:59 | Queue | Villager (Male) |
| 22:08 | Build | Mining Camp |
| 22:14 | Build | Market |
| 22:30 | Build | House |
| 22:36 | Queue | Villager (Male) |
| 22:56 | Queue | Villager (Male) |
| 23:18 | Research | Castle Age |
| 23:23 | Build | Stable |
| 23:41 | Build | House |
| 23:42 | Build | House |
| 23:43 | Build | House |
| 25:33 | Build | House |
| 25:48 | Queue | Villager (Male) |
| 25:48 | Queue | Villager (Male) |
| 25:51 | Build | House |
| 25:59 | Queue | Spearman |
| 25:59 | Queue | Spearman |
| 26:00 | Queue | Spearman |
| 26:02 | Build | House |
| 26:04 | Build | House |
| 26:06 | Build | House |
| 26:08 | Build | House |
| 26:10 | Build | House |
| 26:21 | Age | Castle Age |
| 26:31 | Build | Castle |
| 26:40 | Research | Bloodlines |
| 26:56 | Research | Chain Barding Armor |
| 26:59 | Queue | Villager (Male) |
| 26:59 | Queue | Villager (Male) |
| 27:00 | Queue | Villager (Male) |
| 27:07 | Build | House |
Build order — xPawno
First 150 of 403 actions detected
| 0:28 | Build | House |
| 0:36 | Build | Town Center |
| 3:13 | Queue | Villager (Male) ×4 |
| 3:59 | Research | Loom |
| 4:00 | Queue | Villager (Male) ×2 |
| 4:54 | Queue | Villager (Male) |
| 5:21 | Queue | Villager (Male) |
| 5:50 | Build | Lumber Camp |
| 6:10 | Queue | Villager (Male) ×2 |
| 6:40 | Build | House |
| 7:10 | Queue | Villager (Male) ×2 |
| 8:07 | Build | House |
| 8:14 | Queue | Villager (Male) ×4 |
| 8:31 | Build | House |
| 9:16 | Build | House |
| 9:33 | Build | Mill |
| 10:10 | Queue | Villager (Male) |
| 10:10 | Queue | Villager (Male) |
| 11:01 | Queue | Villager (Male) |
| 11:01 | Queue | Villager (Male) |
| 11:05 | Build | Mining Camp |
| 11:25 | Queue | Villager (Male) |
| 11:34 | Build | House |
| 11:44 | Research | Feudal Age |
| 12:19 | Build | Palisade Wall |
| 12:26 | Build | Palisade Wall |
| 12:28 | Build | Palisade Wall |
| 12:54 | Build | Barracks |
| 14:06 | Build | House |
| 14:26 | Age | Feudal Age |
| 14:28 | Queue | Villager (Male) |
| 14:28 | Queue | Villager (Male) |
| 14:31 | Build | Stable |
| 14:37 | Build | House |
| 14:40 | Queue | Spearman |
| 14:40 | Queue | Spearman |
| 15:02 | Build | House |
| 15:18 | Queue | Villager (Male) |
| 15:19 | Queue | Villager (Male) |
| 15:25 | Queue | Scout Cavalry |
| 15:25 | Queue | Scout Cavalry |
| 15:25 | Queue | Scout Cavalry |
| 15:29 | Build | House |
| 15:30 | Build | Palisade Wall |
| 15:44 | Queue | Villager (Male) |
| 16:09 | Build | Blacksmith |
| 16:11 | Queue | Villager (Male) |
| 16:20 | Research | Double-Bit Axe |
| 16:53 | Research | Scale Barding Armor |
| 16:59 | Build | Farm |
| 17:00 | Build | Farm |
| 17:21 | Build | Farm |
| 17:29 | Queue | Scout Cavalry |
| 17:30 | Queue | Scout Cavalry |
| 17:46 | Build | Outpost |
| 17:48 | Build | Farm |
| 18:00 | Queue | Villager (Male) |
| 18:17 | Queue | Villager (Male) |
| 18:43 | Build | Outpost |
| 18:48 | Queue | Scout Cavalry |
| 18:52 | Queue | Villager (Male) |
| 19:21 | Build | House |
| 19:29 | Build | Farm |
| 19:33 | Queue | Villager (Male) |
| 19:35 | Build | Market |
| 19:58 | Queue | Villager (Male) |
| 20:05 | Build | Farm |
| 20:07 | Build | Farm |
| 20:12 | Queue | Scout Cavalry |
| 20:28 | Research | Forging |
| 20:28 | Research | Forging |
| 20:48 | Queue | Villager (Male) |
| 20:49 | Queue | Villager (Male) |
| 21:28 | Build | Palisade Wall |
| 21:48 | Research | Castle Age |
| 22:04 | Build | Palisade Wall |
| 22:24 | Build | Farm |
| 22:26 | Build | Farm |
| 22:27 | Build | Farm |
| 22:38 | Build | Palisade Wall |
| 22:45 | Build | Mining Camp |
| 22:56 | Build | House |
| 23:02 | Build | Palisade Wall |
| 23:41 | Build | House |
| 23:55 | Build | Stable |
| 24:00 | Build | Palisade Wall |
| 24:20 | Research | Horse Collar |
| 24:28 | Age | Castle Age |
| 24:32 | Build | Town Center |
| 24:55 | Queue | Knight ×5 |
| 24:55 | Queue | Knight ×5 |
| 24:57 | Queue | Villager (Male) |
| 25:07 | Queue | Villager (Male) |
| 25:28 | Queue | Villager (Male) |
| 26:15 | Queue | Villager (Male) |
| 26:16 | Queue | Villager (Male) |
| 26:40 | Queue | Villager (Male) |
| 26:48 | Build | Farm |
| 26:50 | Build | Farm |
| 26:52 | Queue | Villager (Male) |
| 26:59 | Build | Farm |
| 26:59 | Build | Farm |
| 27:00 | Build | Farm |
| 27:08 | Build | Town Center |
| 27:11 | Queue | Knight |
| 27:11 | Queue | Knight |
| 27:39 | Research | Chain Barding Armor |
| 27:40 | Research | Chain Barding Armor |
| 27:44 | Queue | Villager (Male) ×3 |
| 28:02 | Build | Farm |
| 28:03 | Build | Farm |
| 28:04 | Build | Farm |
| 28:18 | Build | Siege Workshop |
| 28:19 | Queue | Villager (Male) ×3 |
| 28:50 | Queue | Villager (Male) |
| 28:50 | Queue | Villager (Male) |
| 28:59 | Build | House |
| 29:00 | Build | House |
| 29:02 | Build | House |
| 29:05 | Queue | Villager (Male) |
| 29:05 | Queue | Villager (Male) |
| 29:22 | Queue | Iron Pagoda |
| 29:25 | Build | Farm |
| 29:26 | Queue | Villager (Male) ×4 |
| 29:47 | Queue | Villager (Male) |
| 29:48 | Queue | Villager (Male) |
| 29:48 | Queue | Villager (Male) |
| 30:14 | Queue | Knight ×2 |
| 30:33 | Queue | Villager (Male) |
| 30:34 | Queue | Villager (Male) |
| 30:34 | Queue | Villager (Male) |
| 30:42 | Build | Mill |
| 30:42 | Build | Farm |
| 30:43 | Build | Farm |
| 30:43 | Build | Farm |
| 30:43 | Build | Farm |
| 30:44 | Build | Farm |
| 30:45 | Queue | Villager (Male) |
| 30:48 | Queue | Villager (Male) |
| 31:34 | Research | Iron Casting |
| 32:33 | Queue | Villager (Male) |
| 32:33 | Queue | Villager (Male) |
| 32:34 | Queue | Villager (Male) |
| 32:35 | Queue | Villager (Male) ×5 |
| 32:45 | Queue | Iron Pagoda |
| 33:03 | Queue | Knight ×3 |
| 33:09 | Queue | Villager (Male) |
| 33:25 | Build | Castle |
| 33:32 | Queue | Knight ×2 |
| 33:40 | Queue | Knight |
Build order — dekster
First 150 of 413 actions detected
| 1:18 | Build | Town Center |
| 1:51 | Build | House |
| 3:06 | Build | House |
| 3:18 | Queue | Villager (Male) |
| 3:19 | Queue | Villager (Male) |
| 3:19 | Queue | Villager (Male) |
| 3:19 | Queue | Villager (Male) |
| 3:20 | Queue | Villager (Male) |
| 3:20 | Research | Loom |
| 5:05 | Queue | Villager (Male) |
| 5:05 | Queue | Villager (Male) |
| 5:38 | Queue | Villager (Male) |
| 6:34 | Queue | Villager (Male) |
| 6:34 | Queue | Villager (Male) |
| 6:47 | Build | Lumber Camp |
| 7:14 | Queue | Villager (Male) |
| 7:14 | Queue | Villager (Male) |
| 7:21 | Build | Mill |
| 7:31 | Queue | Villager (Male) |
| 7:37 | Queue | Villager (Male) |
| 7:37 | Queue | Villager (Male) |
| 7:43 | Build | House |
| 7:55 | Queue | Villager (Male) |
| 8:05 | Queue | Villager (Male) |
| 8:35 | Queue | Villager (Male) |
| 9:08 | Build | House |
| 9:11 | Queue | Villager (Male) |
| 9:23 | Queue | Villager (Male) |
| 9:53 | Queue | Villager (Male) |
| 9:54 | Queue | Villager (Male) |
| 9:58 | Queue | Villager (Male) |
| 10:04 | Build | House |
| 10:32 | Build | Mining Camp |
| 10:44 | Research | Feudal Age |
| 10:45 | Queue | Villager (Male) |
| 11:22 | Queue | Villager (Male) |
| 12:01 | Build | Palisade Wall |
| 12:31 | Build | Palisade Wall |
| 12:37 | Build | Palisade Wall |
| 12:41 | Build | Palisade Wall |
| 12:54 | Queue | Villager (Male) |
| 12:59 | Age | Feudal Age |
| 13:01 | Build | Palisade Wall |
| 13:04 | Build | Palisade Wall |
| 13:07 | Build | Palisade Wall |
| 13:16 | Build | Palisade Wall |
| 13:17 | Build | Palisade Wall |
| 13:18 | Build | Palisade Wall |
| 13:26 | Queue | Villager (Male) |
| 13:32 | Build | Market |
| 13:36 | Build | Blacksmith |
| 14:18 | Queue | Villager (Male) |
| 14:32 | Build | Mill |
| 14:56 | Build | Palisade Wall |
| 15:03 | Build | House |
| 15:20 | Build | House |
| 15:26 | Build | House |
| 15:54 | Research | Castle Age |
| 16:12 | Queue | Villager (Male) |
| 16:24 | Build | House |
| 17:09 | Build | Mining Camp |
| 17:39 | Build | House |
| 17:46 | Build | House |
| 17:57 | Build | House |
| 18:03 | Build | House |
| 18:15 | Build | House |
| 18:34 | Age | Castle Age |
| 18:51 | Build | House |
| 18:58 | Build | House |
| 19:03 | Build | House |
| 19:07 | Build | House |
| 19:09 | Build | House |
| 19:17 | Build | House |
| 19:20 | Build | House |
| 19:22 | Build | House |
| 19:25 | Queue | Villager (Male) |
| 19:42 | Build | Gate |
| 20:05 | Build | Stone Wall |
| 20:41 | Queue | Villager (Male) |
| 20:47 | Build | House |
| 21:38 | Queue | Villager (Male) |
| 21:39 | Queue | Villager (Male) |
| 21:54 | Build | Barracks |
| 22:18 | Build | House |
| 22:32 | Research | Pikeman (upgrade) |
| 22:32 | Queue | Spearman |
| 22:32 | Queue | Spearman |
| 23:11 | Queue | Spearman |
| 23:11 | Queue | Spearman |
| 23:21 | Build | House |
| 24:43 | Build | Castle |
| 25:15 | Build | House |
| 26:20 | Build | Farm |
| 26:20 | Build | Farm |
| 26:20 | Build | Farm |
| 26:20 | Build | Farm |
| 26:53 | Build | Town Center |
| 27:03 | Research | Squires |
| 27:13 | Build | Farm |
| 28:18 | Queue | Villager (Male) |
| 28:19 | Queue | Villager (Male) |
| 28:25 | Queue | Spearman |
| 28:52 | Build | Farm |
| 28:59 | Build | Farm |
| 29:00 | Build | Farm |
| 29:02 | Build | Farm |
| 29:09 | Research | Horse Collar |
| 29:12 | Queue | Villager (Male) |
| 29:12 | Queue | Villager (Male) |
| 29:51 | Research | Scale Mail Armor |
| 30:00 | Research | Double-Bit Axe |
| 30:14 | Build | Town Center |
| 30:17 | Queue | Villager (Male) |
| 30:17 | Queue | Villager (Male) |
| 30:25 | Build | Mining Camp |
| 30:36 | Queue | Villager (Male) |
| 30:36 | Queue | Villager (Male) |
| 31:32 | Build | Siege Workshop |
| 31:35 | Queue | Villager (Male) |
| 31:35 | Queue | Villager (Male) |
| 31:41 | Queue | Villager (Male) |
| 31:45 | Queue | Samurai ×3 |
| 31:45 | Queue | Samurai ×3 |
| 31:45 | Queue | Samurai ×3 |
| 31:49 | Queue | Spearman |
| 31:49 | Queue | Spearman |
| 31:49 | Queue | Spearman |
| 32:48 | Queue | Battering Ram |
| 32:53 | Queue | Spearman ×2 |
| 33:19 | Queue | Villager (Male) |
| 33:20 | Queue | Villager (Male) |
| 33:20 | Queue | Villager (Male) |
| 33:24 | Queue | Villager (Male) |
| 33:24 | Queue | Villager (Male) |
| 33:49 | Queue | Samurai ×5 |
| 33:50 | Queue | Samurai ×5 |
| 33:57 | Build | House |
| 33:59 | Build | House |
| 34:18 | Research | Fletching |
| 34:21 | Queue | Spearman ×2 |
| 34:22 | Queue | Spearman ×2 |
| 34:56 | Queue | Spearman |
| 34:56 | Queue | Spearman |
| 35:32 | Queue | Villager (Male) |
| 35:32 | Queue | Villager (Male) |
| 36:04 | Queue | Samurai ×2 |
| 36:05 | Queue | Samurai ×2 |
| 36:12 | Queue | Scorpion |
| 36:12 | Queue | Scorpion |
| 36:27 | Build | Gate |
Build order — Athenaeis
First 150 of 669 actions detected
| 0:16 | Build | Town Center |
| 2:33 | Build | House |
| 2:41 | Queue | Villager (Male) ×4 |
| 3:20 | Build | House |
| 3:34 | Build | House |
| 3:42 | Queue | Villager (Male) |
| 3:48 | Build | House |
| 4:43 | Queue | Villager (Male) |
| 4:43 | Queue | Villager (Male) |
| 4:44 | Queue | Villager (Male) |
| 5:28 | Build | Settlement |
| 5:47 | Queue | Villager (Male) |
| 5:47 | Queue | Villager (Male) |
| 5:48 | Queue | Villager (Male) |
| 6:28 | Build | House |
| 6:36 | Queue | Villager (Male) |
| 6:40 | Queue | Villager (Male) |
| 6:51 | Queue | Villager (Male) |
| 6:54 | Queue | Villager (Male) |
| 7:31 | Queue | Villager (Male) |
| 7:46 | Build | House |
| 7:49 | Queue | Villager (Male) |
| 8:12 | Queue | Villager (Male) |
| 8:22 | Build | Settlement |
| 8:35 | Queue | Villager (Male) |
| 8:40 | Queue | Villager (Male) |
| 8:49 | Queue | Villager (Male) |
| 8:59 | Build | House |
| 9:03 | Queue | Villager (Male) |
| 9:12 | Queue | Villager (Male) |
| 9:13 | Queue | Villager (Male) |
| 9:30 | Queue | Villager (Male) |
| 9:53 | Queue | Villager (Male) |
| 11:00 | Research | Loom |
| 11:03 | Research | Feudal Age |
| 11:29 | Build | House |
| 11:41 | Build | House |
| 11:52 | Build | House |
| 12:05 | Build | House |
| 12:34 | Build | House |
| 12:49 | Queue | Villager (Male) |
| 12:50 | Queue | Villager (Male) |
| 12:51 | Build | House |
| 13:47 | Age | Feudal Age |
| 13:49 | Build | Market |
| 13:50 | Build | Blacksmith |
| 14:37 | Research | Castle Age |
| 15:13 | Build | House |
| 15:33 | Research | Double-Bit Axe |
| 15:52 | Build | House |
| 17:00 | Queue | Villager (Male) |
| 17:00 | Queue | Villager (Male) |
| 17:17 | Age | Castle Age |
| 17:19 | Build | Town Center |
| 17:23 | Build | Town Center |
| 17:43 | Build | Town Center |
| 18:01 | Queue | Villager (Male) |
| 18:01 | Queue | Villager (Male) |
| 18:13 | Queue | Villager (Male) |
| 18:51 | Queue | Villager (Male) |
| 18:52 | Queue | Villager (Male) |
| 18:52 | Queue | Villager (Male) |
| 18:52 | Queue | Villager (Male) |
| 18:52 | Queue | Villager (Male) |
| 19:00 | Queue | Villager (Male) |
| 19:00 | Queue | Villager (Male) |
| 19:00 | Queue | Villager (Male) |
| 19:01 | Queue | Villager (Male) |
| 19:03 | Build | Town Center |
| 19:08 | Queue | Villager (Male) |
| 19:22 | Queue | Villager (Male) |
| 19:49 | Queue | Villager (Male) |
| 19:50 | Queue | Villager (Male) |
| 19:57 | Build | Settlement |
| 20:05 | Queue | Villager (Male) |
| 20:13 | Queue | Villager (Male) ×3 |
| 20:15 | Queue | Villager (Male) |
| 20:24 | Build | House |
| 20:26 | Build | House |
| 20:32 | Build | House |
| 20:33 | Build | House |
| 20:34 | Build | House |
| 20:36 | Build | House |
| 20:37 | Build | Palisade Wall |
| 20:38 | Queue | Villager (Male) ×2 |
| 20:42 | Queue | Villager (Male) |
| 20:53 | Queue | Villager (Male) |
| 21:08 | Queue | Villager (Male) ×4 |
| 21:16 | Build | House |
| 21:23 | Build | Barracks |
| 21:25 | Queue | Villager (Male) ×2 |
| 21:34 | Queue | Villager (Male) ×4 |
| 21:42 | Build | House |
| 21:45 | Build | House |
| 21:46 | Build | House |
| 21:47 | Queue | Villager (Male) ×2 |
| 21:54 | Build | House |
| 21:55 | Build | House |
| 21:57 | Build | House |
| 21:58 | Queue | Villager (Male) |
| 22:15 | Build | Archery Range |
| 22:27 | Queue | Villager (Male) |
| 22:28 | Queue | Villager (Male) |
| 22:28 | Queue | Villager (Male) |
| 22:30 | Queue | Villager (Male) |
| 22:42 | Queue | Villager (Male) |
| 22:48 | Queue | Villager (Male) |
| 22:59 | Queue | Villager (Male) |
| 23:01 | Build | Archery Range |
| 23:04 | Queue | Petard |
| 23:07 | Queue | Villager (Male) |
| 23:08 | Queue | Villager (Male) |
| 23:09 | Queue | Villager (Male) |
| 23:09 | Queue | Villager (Male) |
| 23:13 | Queue | Villager (Male) |
| 23:14 | Queue | Villager (Male) ×3 |
| 23:23 | Queue | Petard |
| 23:24 | Queue | Petard |
| 23:38 | Queue | Petard ×3 |
| 23:39 | Queue | Villager (Male) ×5 |
| 23:48 | Queue | Villager (Male) |
| 23:51 | Queue | Villager (Male) |
| 23:56 | Queue | Villager (Male) |
| 23:59 | Queue | Petard |
| 24:04 | Queue | Petard |
| 24:12 | Queue | Petard |
| 24:16 | Research | Fletching |
| 24:25 | Build | Settlement |
| 24:30 | Queue | Petard ×2 |
| 24:47 | Queue | Petard |
| 24:49 | Queue | Villager (Male) ×3 |
| 24:56 | Queue | Villager (Male) ×2 |
| 25:11 | Queue | Petard ×5 |
| 25:25 | Build | House |
| 25:33 | Queue | Villager (Male) ×5 |
| 25:34 | Queue | Petard ×4 |
| 25:36 | Queue | Villager (Male) |
| 25:42 | Queue | Villager (Male) ×2 |
| 25:56 | Build | Settlement |
| 26:04 | Build | Settlement |
| 26:06 | Queue | Villager (Male) |
| 26:10 | Queue | Villager (Male) |
| 26:21 | Build | Settlement |
| 26:21 | Queue | Villager (Male) ×5 |
| 26:38 | Build | Settlement |
| 26:41 | Queue | Villager (Male) |
| 26:41 | Queue | Villager (Male) |
| 26:43 | Queue | Petard |
| 26:50 | Research | Bodkin Arrow |
| 26:50 | Research | Bodkin Arrow |
Build order — flynorc
First 150 of 793 actions detected
| 0:05 | Build | Town Center |
| 2:07 | Build | House |
| 2:23 | Queue | Villager (Male) |
| 2:23 | Queue | Villager (Male) |
| 2:24 | Queue | Villager (Male) |
| 2:24 | Queue | Villager (Male) |
| 2:56 | Build | House |
| 4:03 | Queue | Villager (Male) |
| 4:03 | Queue | Villager (Male) |
| 4:18 | Build | House |
| 4:23 | Queue | Villager (Male) |
| 4:24 | Queue | Villager (Male) |
| 5:03 | Queue | Villager (Male) |
| 5:09 | Build | House |
| 5:22 | Queue | Villager (Male) |
| 5:22 | Queue | Villager (Male) |
| 5:34 | Build | House |
| 5:58 | Queue | Villager (Male) |
| 5:58 | Queue | Villager (Male) |
| 6:10 | Queue | Villager (Male) |
| 6:11 | Queue | Villager (Male) |
| 6:35 | Queue | Villager (Male) |
| 6:35 | Queue | Villager (Male) |
| 6:40 | Build | House |
| 6:48 | Build | Lumber Camp |
| 6:50 | Queue | Villager (Male) |
| 6:50 | Queue | Villager (Male) |
| 7:01 | Build | House |
| 7:13 | Queue | Villager (Male) |
| 7:27 | Build | House |
| 7:42 | Queue | Villager (Male) |
| 8:15 | Queue | Villager (Male) |
| 8:31 | Queue | Villager (Male) |
| 8:51 | Queue | Villager (Male) |
| 8:51 | Queue | Villager (Male) |
| 8:58 | Queue | Villager (Male) |
| 8:58 | Queue | Villager (Male) |
| 9:08 | Queue | Villager (Male) |
| 9:25 | Build | Mill |
| 9:29 | Queue | Villager (Male) |
| 10:09 | Queue | Villager (Male) |
| 10:13 | Build | House |
| 10:23 | Queue | Villager (Male) |
| 11:16 | Research | Feudal Age |
| 11:56 | Build | Mining Camp |
| 13:00 | Queue | Villager (Male) |
| 13:00 | Queue | Villager (Male) |
| 13:43 | Age | Feudal Age |
| 13:45 | Build | Blacksmith |
| 13:46 | Build | Market |
| 13:51 | Build | House |
| 14:23 | Research | Double-Bit Axe |
| 14:34 | Build | House |
| 14:35 | Research | Castle Age |
| 14:42 | Build | Palisade Gate |
| 14:54 | Build | House |
| 14:55 | Build | House |
| 15:54 | Research | Loom |
| 16:25 | Build | Mill |
| 17:15 | Age | Castle Age |
| 17:18 | Queue | Villager (Male) |
| 17:19 | Queue | Villager (Male) |
| 17:19 | Queue | Villager (Male) |
| 17:38 | Build | Town Center |
| 17:50 | Research | Bow Saw |
| 18:03 | Queue | Villager (Male) |
| 18:13 | Queue | Villager (Male) |
| 18:34 | Build | House |
| 19:05 | Queue | Villager (Male) |
| 19:06 | Queue | Villager (Male) |
| 19:30 | Queue | Villager (Male) |
| 19:30 | Queue | Villager (Male) |
| 19:31 | Queue | Villager (Male) |
| 19:31 | Queue | Villager (Male) |
| 19:36 | Build | Town Center |
| 19:45 | Build | Palisade Wall |
| 19:47 | Build | Palisade Wall |
| 19:51 | Build | House |
| 19:54 | Build | Palisade Wall |
| 19:56 | Queue | Villager (Male) |
| 19:57 | Queue | Villager (Male) |
| 20:12 | Build | Barracks |
| 20:27 | Research | Horse Collar |
| 20:29 | Queue | Villager (Male) |
| 20:29 | Queue | Villager (Male) |
| 20:40 | Build | Farm |
| 20:43 | Build | Farm |
| 20:44 | Build | Farm |
| 20:48 | Queue | Villager (Male) |
| 20:48 | Queue | Villager (Male) |
| 21:03 | Build | Farm |
| 21:04 | Queue | Villager (Male) |
| 21:05 | Queue | Villager (Male) |
| 21:05 | Queue | Villager (Male) |
| 21:05 | Queue | Villager (Male) |
| 21:06 | Queue | Villager (Male) |
| 21:06 | Queue | Villager (Male) |
| 21:06 | Queue | Villager (Male) |
| 21:13 | Build | Farm |
| 21:17 | Build | Farm |
| 21:18 | Queue | Villager (Male) |
| 21:27 | Build | House |
| 21:29 | Build | House |
| 21:31 | Queue | Villager (Male) |
| 21:35 | Build | Farm |
| 21:39 | Queue | Spearman |
| 21:40 | Queue | Spearman |
| 21:40 | Queue | Villager (Male) |
| 21:45 | Queue | Villager (Male) |
| 21:54 | Build | Stable |
| 21:56 | Queue | Villager (Male) |
| 22:00 | Research | Scale Barding Armor |
| 22:08 | Queue | Villager (Male) |
| 22:08 | Queue | Villager (Male) |
| 22:19 | Build | Farm |
| 22:22 | Build | Farm |
| 22:24 | Build | Farm |
| 22:27 | Build | Palisade Wall |
| 22:30 | Build | Palisade Wall |
| 22:32 | Build | Palisade Wall |
| 22:36 | Queue | Villager (Male) |
| 22:39 | Build | Farm |
| 22:48 | Build | Farm |
| 22:49 | Queue | Camel Scout |
| 22:49 | Queue | Camel Scout |
| 22:50 | Queue | Villager (Male) |
| 22:50 | Queue | Villager (Male) |
| 22:52 | Build | Farm |
| 22:56 | Build | House |
| 23:04 | Research | Bloodlines |
| 23:11 | Build | Stable |
| 23:16 | Queue | Villager (Male) |
| 23:16 | Queue | Villager (Male) |
| 23:25 | Build | House |
| 23:27 | Build | House |
| 23:28 | Queue | Villager (Male) |
| 23:29 | Build | House |
| 23:30 | Build | Palisade Wall |
| 23:32 | Queue | Villager (Male) |
| 23:32 | Queue | Villager (Male) |
| 23:48 | Queue | Camel Scout |
| 23:48 | Queue | Camel Scout |
| 23:50 | Research | Forging |
| 23:51 | Queue | Villager (Male) |
| 23:51 | Queue | Villager (Male) |
| 24:02 | Queue | Villager (Male) |
| 24:03 | Queue | Villager (Male) |
| 24:03 | Queue | Villager (Male) |
| 24:03 | Queue | Villager (Male) |
| 24:16 | Build | Palisade Gate |
Build order — velikasarma122
First 150 of 844 actions detected
| 0:28 | Build | Town Center |
| 2:02 | Build | House |
| 2:07 | Build | House |
| 2:18 | Queue | Villager (Male) |
| 2:18 | Queue | Villager (Male) |
| 2:18 | Queue | Villager (Male) |
| 2:19 | Queue | Villager (Male) |
| 2:19 | Queue | Villager (Male) |
| 3:12 | Queue | Villager (Male) |
| 3:47 | Queue | Villager (Male) |
| 3:56 | Build | House |
| 4:22 | Build | House |
| 4:24 | Queue | Villager (Male) |
| 4:41 | Queue | Villager (Male) |
| 5:11 | Build | House |
| 5:22 | Queue | Villager (Male) |
| 5:22 | Queue | Villager (Male) |
| 5:26 | Build | House |
| 5:43 | Queue | Villager (Male) |
| 6:07 | Queue | Villager (Male) |
| 6:08 | Queue | Villager (Male) |
| 6:31 | Build | Mill |
| 6:32 | Queue | Villager (Male) |
| 6:49 | Build | House |
| 6:54 | Build | House |
| 7:09 | Queue | Villager (Male) |
| 7:09 | Queue | Villager (Male) |
| 7:16 | Queue | Villager (Male) |
| 7:26 | Queue | Villager (Male) |
| 7:26 | Queue | Villager (Male) |
| 7:32 | Queue | Villager (Male) |
| 8:05 | Build | House |
| 8:17 | Queue | Villager (Male) |
| 8:24 | Queue | Villager (Male) |
| 8:25 | Queue | Villager (Male) |
| 8:25 | Queue | Villager (Male) |
| 9:32 | Research | Loom |
| 9:57 | Build | Mining Camp |
| 10:37 | Research | Feudal Age |
| 11:14 | Build | Mill |
| 11:32 | Queue | Villager (Male) |
| 11:32 | Queue | Villager (Male) |
| 12:48 | Age | Feudal Age |
| 12:53 | Build | Market |
| 12:56 | Build | Blacksmith |
| 13:45 | Research | Castle Age |
| 14:20 | Build | Lumber Camp |
| 14:29 | Build | Lumber Camp |
| 14:32 | Queue | Villager (Male) |
| 14:32 | Queue | Villager (Male) |
| 15:23 | Research | Double-Bit Axe |
| 16:06 | Build | House |
| 16:25 | Age | Castle Age |
| 16:28 | Build | Town Center |
| 16:36 | Build | Town Center |
| 16:39 | Queue | Villager (Male) |
| 16:39 | Queue | Villager (Male) |
| 16:56 | Queue | Villager (Male) |
| 16:57 | Queue | Villager (Male) |
| 17:11 | Queue | Villager (Male) |
| 17:11 | Queue | Villager (Male) |
| 17:13 | Queue | Villager (Male) |
| 17:21 | Queue | Villager (Male) |
| 17:23 | Queue | Villager (Male) |
| 17:23 | Queue | Villager (Male) |
| 17:25 | Research | Fletching |
| 17:25 | Research | Fletching |
| 17:38 | Build | Mill |
| 17:39 | Queue | Villager (Male) |
| 17:44 | Queue | Villager (Male) |
| 17:55 | Research | Horse Collar |
| 18:04 | Build | Farm |
| 18:13 | Queue | Villager (Male) |
| 18:29 | Build | Mill |
| 18:35 | Queue | Villager (Male) |
| 18:40 | Build | Farm |
| 18:41 | Queue | Villager (Male) |
| 18:46 | Queue | Villager (Male) |
| 18:50 | Build | House |
| 18:51 | Build | House |
| 18:52 | Build | House |
| 18:52 | Build | House |
| 19:02 | Queue | Villager (Male) |
| 19:27 | Research | Wheelbarrow |
| 19:30 | Build | Outpost |
| 19:33 | Build | Outpost |
| 19:34 | Build | Outpost |
| 19:44 | Build | Farm |
| 19:46 | Build | Farm |
| 19:48 | Build | Farm |
| 19:49 | Queue | Villager (Male) |
| 19:49 | Queue | Villager (Male) |
| 19:58 | Build | Farm |
| 20:07 | Queue | Villager (Male) |
| 20:17 | Queue | Villager (Male) |
| 20:18 | Queue | Villager (Male) |
| 20:18 | Queue | Villager (Male) |
| 20:21 | Build | Farm |
| 20:22 | Queue | Villager (Male) |
| 20:24 | Build | Farm |
| 20:30 | Queue | Villager (Male) |
| 20:41 | Queue | Villager (Male) |
| 20:41 | Queue | Villager (Male) |
| 20:53 | Build | House |
| 20:54 | Build | House |
| 20:55 | Queue | Villager (Male) |
| 21:03 | Build | Outpost |
| 21:04 | Queue | Villager (Male) |
| 21:06 | Research | Town Watch |
| 21:12 | Build | House |
| 21:18 | Queue | Villager (Male) |
| 21:24 | Build | House |
| 21:25 | Build | House |
| 21:26 | Build | House |
| 21:26 | Build | House |
| 21:27 | Build | House |
| 21:27 | Build | House |
| 21:28 | Build | House |
| 21:28 | Build | House |
| 21:29 | Queue | Villager (Male) |
| 21:30 | Queue | Villager (Male) |
| 21:36 | Queue | Villager (Male) |
| 21:37 | Queue | Villager (Male) |
| 21:46 | Build | Farm |
| 21:48 | Build | Farm |
| 21:48 | Build | Farm |
| 21:50 | Queue | Villager (Male) |
| 21:54 | Queue | Villager (Male) |
| 21:54 | Queue | Villager (Male) |
| 22:00 | Build | Outpost |
| 22:02 | Build | Outpost |
| 22:04 | Queue | Villager (Male) |
| 22:05 | Queue | Villager (Male) |
| 22:10 | Build | Outpost |
| 22:11 | Queue | Villager (Male) |
| 22:17 | Queue | Villager (Male) |
| 22:21 | Research | Bow Saw |
| 22:21 | Research | Bow Saw |
| 22:31 | Build | Farm |
| 22:32 | Queue | Villager (Male) |
| 22:35 | Queue | Villager (Male) |
| 22:37 | Queue | Villager (Male) |
| 22:42 | Build | Farm |
| 22:45 | Queue | Villager (Male) |
| 22:45 | Queue | Villager (Male) |
| 22:53 | Build | Farm |
| 22:53 | Queue | Villager (Male) |
| 23:08 | Queue | Villager (Male) |
| 23:22 | Build | Mill |
| 23:23 | Queue | Villager (Male) |
Match timeline
| 7:07 | g0ldenJew · wall_segment Palisade Wall x4 |
| 8:02 | Saiyan97 · wall_segment Palisade Wall x5 |
| 8:04 | Saiyan97 · wall_segment Palisade Wall x6 |
| 8:08 | Saiyan97 · wall_segment Palisade Wall x7 |
| 10:03 | Saiyan97 · first_building Barracks |
| 12:01 | dekster · wall_segment Palisade Wall x1 |
| 12:07 | g0ldenJew · wall_segment Palisade Wall x1 |
| 12:08 | g0ldenJew · wall_segment Palisade Wall x1 |
| 12:09 | g0ldenJew · wall_segment Palisade Wall x1 |
| 12:10 | g0ldenJew · wall_segment Palisade Wall x1 |
| 12:10 | g0ldenJew · wall_segment Palisade Wall x1 |
| 12:11 | g0ldenJew · wall_segment Palisade Wall x3 |
| 12:19 | xPawno · wall_segment Palisade Wall x4 |
| 12:26 | g0ldenJew · first_building Barracks |
| 12:26 | xPawno · wall_segment Palisade Wall x5 |
| 12:28 | xPawno · wall_segment Palisade Wall x2 |
| 12:31 | dekster · wall_segment Palisade Wall x1 |
| 12:37 | dekster · wall_segment Palisade Wall x3 |
| 12:41 | dekster · wall_segment Palisade Wall x1 |
| 12:48 | velikasarma122 · age_up feudal |
| 12:54 | xPawno · first_building Barracks |
| 12:59 | dekster · age_up feudal |
| 13:01 | dekster · wall_segment Palisade Wall x1 |
| 13:04 | dekster · wall_segment Palisade Wall x1 |
| 13:07 | dekster · wall_segment Palisade Wall x1 |
| 13:16 | dekster · wall_segment Palisade Wall x1 |
| 13:17 | dekster · wall_segment Palisade Wall x1 |
| 13:18 | dekster · wall_segment Palisade Wall x1 |
| 13:21 | Jimmy · age_up feudal |
| 13:27 | g0ldenJew · wall_segment Palisade Wall x3 |
| 13:34 | g0ldenJew · wall_segment Palisade Wall x1 |
| 13:43 | flynorc · age_up feudal |
| 13:47 | Athenaeis · age_up feudal |
| 13:53 | g0ldenJew · age_up feudal |
| 13:56 | g0ldenJew · first_building Stable |
| 14:14 | Saiyan97 · age_up feudal |
| 14:26 | xPawno · age_up feudal |
| 14:31 | xPawno · first_building Stable |
| 14:34 | Saiyan97 · first_building Archery Range |
| 14:52 | Jimmy · wall_segment Palisade Wall x8 |
| 14:56 | dekster · wall_segment Palisade Wall x17 |
| 15:07 | g0ldenJew · wall_segment Palisade Wall x1 |
| 15:25 | velikasarma122 · first_market_buy 100 wood |
| 15:30 | xPawno · wall_segment Palisade Wall x1 |
| 15:42 | Jimmy · first_building Dock |
| 15:49 | dekster · first_market_buy 100 food |
| 15:53 | dekster · first_market_sell 100 wood |
| 16:24 | Jimmy · wall_segment Palisade Wall x3 |
| 16:25 | velikasarma122 · age_up castle |
| 16:51 | Jimmy · age_up castle |
| 17:01 | Saiyan97 · first_market_sell 100 stone |
| 17:11 | Jimmy · first_building Castle |
| 17:15 | flynorc · age_up castle |
| 17:17 | Athenaeis · age_up castle |
| 17:37 | Jimmy · wall_segment Palisade Wall x7 |
| 17:51 | Jimmy · wall_segment Palisade Wall x5 |
| 18:07 | Saiyan97 · wall_segment Palisade Wall x4 |
| 18:34 | dekster · age_up castle |
| 19:33 | Jimmy · first_market_buy 100 food |
| 19:45 | flynorc · wall_segment Palisade Wall x1 |
| 19:47 | flynorc · wall_segment Palisade Wall x1 |
| 19:51 | Saiyan97 · age_up castle |
| 19:54 | flynorc · wall_segment Palisade Wall x1 |
| 20:00 | Saiyan97 · first_building Castle |
| 20:05 | dekster · wall_segment Stone Wall x1 |
| 20:12 | flynorc · first_building Barracks |
| 20:37 | Athenaeis · wall_segment Palisade Wall x1 |
| 21:23 | Athenaeis · first_building Barracks |
| 21:28 | xPawno · wall_segment Palisade Wall x2 |
| 21:32 | xPawno · first_market_buy 100 food |
| 21:54 | flynorc · first_building Stable |
| 21:54 | dekster · first_building Barracks |
| 22:04 | xPawno · wall_segment Palisade Wall x2 |
| 22:10 | Athenaeis · first_market_sell 100 food |
| 22:10 | Athenaeis · first_market_buy 100 wood |
| 22:15 | Athenaeis · first_building Archery Range |
| 22:18 | Saiyan97 · first_market_buy 100 stone |
| 22:27 | flynorc · wall_segment Palisade Wall x1 |
| 22:30 | flynorc · wall_segment Palisade Wall x1 |
| 22:32 | flynorc · wall_segment Palisade Wall x1 |
| 22:38 | xPawno · wall_segment Palisade Wall x2 |
| 22:43 | Jimmy · first_building Siege Workshop |
| 23:02 | xPawno · wall_segment Palisade Wall x5 |
| 23:30 | flynorc · wall_segment Palisade Wall x1 |
| 24:00 | xPawno · wall_segment Palisade Wall x1 |
| 24:09 | velikasarma122 · first_building Barracks |
| 24:18 | Jimmy · first_building Barracks |
| 24:20 | velikasarma122 · wall_segment Palisade Wall x1 |
| 24:21 | velikasarma122 · wall_segment Palisade Wall x1 |
| 24:28 | xPawno · age_up castle |
| 24:43 | dekster · first_building Castle |
| 25:40 | velikasarma122 · wall_segment Palisade Wall x1 |
| 25:42 | velikasarma122 · wall_segment Palisade Wall x1 |
| 25:46 | velikasarma122 · wall_segment Palisade Wall x1 |
| 26:21 | g0ldenJew · age_up castle |
| 26:31 | g0ldenJew · first_building Castle |
| 27:01 | Saiyan97 · wall_segment Palisade Wall x7 |
| 27:02 | Saiyan97 · wall_segment Palisade Wall x9 |
| 27:08 | velikasarma122 · first_building Stable |
| 27:14 | xPawno · first_market_sell 100 wood |
| 27:42 | flynorc · first_building Monastery |
| 28:15 | g0ldenJew · first_building Siege Workshop |
| 28:18 | xPawno · first_building Siege Workshop |
| 28:48 | velikasarma122 · first_building Castle |
| 28:59 | Saiyan97 · wall_segment Palisade Wall x14 |
| 29:01 | Saiyan97 · wall_segment Palisade Wall x6 |
| 29:02 | Athenaeis · wall_segment Stone Wall x10 |
| 29:06 | Athenaeis · wall_segment Stone Wall x8 |
| 29:27 | Athenaeis · first_building Castle |
| 29:32 | Athenaeis · wall_segment Stone Wall x5 |
| 29:37 | Athenaeis · wall_segment Stone Wall x1 |
| 29:39 | Athenaeis · wall_segment Stone Wall x8 |
| 29:45 | Athenaeis · wall_segment Stone Wall x1 |
| 29:46 | Athenaeis · wall_segment Stone Wall x1 |
| 29:46 | Athenaeis · wall_segment Stone Wall x1 |
| 29:48 | Athenaeis · wall_segment Stone Wall x6 |
| 30:54 | velikasarma122 · first_market_sell 100 wood |
| 31:08 | Athenaeis · wall_segment Stone Wall x10 |
| 31:32 | dekster · first_building Siege Workshop |
| 31:34 | velikasarma122 · first_building Siege Workshop |
| 32:26 | Jimmy · first_market_sell 100 wood |
| 32:53 | Jimmy · first_building Archery Range |
| 33:01 | flynorc · first_building Castle |
| 33:08 | Athenaeis · wall_segment Stone Wall x6 |
| 33:09 | Saiyan97 · wall_segment Palisade Wall x15 |
| 33:11 | Athenaeis · wall_segment Stone Wall x3 |
| 33:13 | Saiyan97 · wall_segment Palisade Wall x4 |
| 33:14 | Saiyan97 · wall_segment Palisade Wall x15 |
| 33:25 | xPawno · first_building Castle |
| 33:25 | flynorc · age_up imperial |
| 34:07 | velikasarma122 · age_up imperial |
| 34:24 | Saiyan97 · age_up imperial |
| 35:50 | Jimmy · age_up imperial |
| 35:52 | Athenaeis · wall_segment Stone Wall x2 |
| 35:55 | Athenaeis · wall_segment Stone Wall x5 |
| 36:18 | flynorc · wall_segment Palisade Wall x7 |
| 36:32 | Athenaeis · age_up imperial |
| 36:34 | velikasarma122 · first_building Donjon |
| 36:52 | Athenaeis · first_building Monastery |
| 37:29 | velikasarma122 · tribute_sent a jugador 1 |
| 37:29 | velikasarma122 · tribute_sent a jugador 2 |
| 37:29 | velikasarma122 · tribute_sent a jugador 3 |
| 37:29 | velikasarma122 · tribute_sent a jugador 4 |
| 37:29 | velikasarma122 · tribute_sent a jugador 5 |
| 37:29 | velikasarma122 · tribute_sent a jugador 6 |
| 37:29 | velikasarma122 · tribute_sent a jugador 7 |
| 37:30 | Athenaeis · first_building Siege Workshop |
| 38:35 | g0ldenJew · first_market_buy 100 stone |
| 38:38 | g0ldenJew · first_market_sell 500 wood |
| 38:54 | g0ldenJew · wall_segment Stone Wall x1 |
| 39:12 | dekster · wall_segment Palisade Wall x1 |
| 39:14 | dekster · wall_segment Palisade Wall x1 |
| 39:44 | xPawno · wall_segment Palisade Wall x4 |
| 40:32 | flynorc · first_market_sell 500 food |
| 40:55 | dekster · wall_segment Stone Wall x1 |
| 42:07 | g0ldenJew · age_up imperial |
| 42:07 | flynorc · tribute_sent a jugador 1 |
| 42:07 | flynorc · tribute_sent a jugador 2 |
| 42:07 | flynorc · tribute_sent a jugador 3 |
| 42:07 | flynorc · tribute_sent a jugador 4 |
| 42:07 | flynorc · tribute_sent a jugador 5 |
| 42:07 | flynorc · tribute_sent a jugador 6 |
| 42:07 | flynorc · tribute_sent a jugador 8 |
| 43:01 | flynorc · wall_segment Palisade Wall x1 |
| 43:01 | xPawno · first_building Archery Range |
| 43:35 | xPawno · age_up imperial |
| 44:54 | velikasarma122 · tribute_sent a jugador 1 |
| 44:54 | velikasarma122 · tribute_sent a jugador 2 |
| 44:54 | velikasarma122 · tribute_sent a jugador 3 |
| 44:54 | velikasarma122 · tribute_sent a jugador 4 |
| 44:54 | velikasarma122 · tribute_sent a jugador 5 |
| 44:54 | velikasarma122 · tribute_sent a jugador 6 |
| 44:54 | velikasarma122 · tribute_sent a jugador 7 |
| 47:10 | g0ldenJew · first_building Archery Range |
| 47:33 | flynorc · tribute_sent a jugador 1 |
| 47:33 | flynorc · tribute_sent a jugador 2 |
| 47:33 | flynorc · tribute_sent a jugador 3 |
| 47:33 | flynorc · tribute_sent a jugador 4 |
| 47:33 | flynorc · tribute_sent a jugador 5 |
| 47:33 | flynorc · tribute_sent a jugador 6 |
| 47:33 | flynorc · tribute_sent a jugador 8 |
| 47:48 | flynorc · tribute_sent a jugador 1 |
| 47:48 | flynorc · tribute_sent a jugador 2 |
| 47:48 | flynorc · tribute_sent a jugador 3 |
| 47:48 | flynorc · tribute_sent a jugador 4 |
| 47:48 | flynorc · tribute_sent a jugador 5 |
| 47:48 | flynorc · tribute_sent a jugador 6 |
| 47:48 | flynorc · tribute_sent a jugador 8 |
| 48:31 | velikasarma122 · first_building Monastery |
| 49:06 | flynorc · tribute_sent a jugador 1 |
| 49:06 | flynorc · tribute_sent a jugador 2 |
| 49:06 | flynorc · tribute_sent a jugador 3 |
| 49:06 | flynorc · tribute_sent a jugador 4 |
| 49:06 | flynorc · tribute_sent a jugador 5 |
| 49:06 | flynorc · tribute_sent a jugador 6 |
| 49:06 | flynorc · tribute_sent a jugador 8 |
| 50:07 | velikasarma122 · tribute_sent a jugador 1 |
| 50:07 | velikasarma122 · tribute_sent a jugador 2 |
| 50:07 | velikasarma122 · tribute_sent a jugador 3 |
| 50:07 | velikasarma122 · tribute_sent a jugador 4 |
| 50:07 | velikasarma122 · tribute_sent a jugador 5 |
| 50:07 | velikasarma122 · tribute_sent a jugador 6 |
| 50:07 | velikasarma122 · tribute_sent a jugador 7 |
| 51:35 | Athenaeis · tribute_sent a jugador 1 |
| 51:35 | Athenaeis · tribute_sent a jugador 2 |
| 51:35 | Athenaeis · tribute_sent a jugador 3 |
| 51:35 | Athenaeis · tribute_sent a jugador 4 |
| 51:35 | Athenaeis · tribute_sent a jugador 5 |
| 51:35 | Athenaeis · tribute_sent a jugador 7 |
| 51:35 | Athenaeis · tribute_sent a jugador 8 |
| 52:49 | flynorc · first_building Archery Range |
| 53:16 | velikasarma122 · tribute_sent a jugador 1 |
| 53:16 | velikasarma122 · tribute_sent a jugador 2 |
| 53:16 | velikasarma122 · tribute_sent a jugador 3 |
| 53:16 | velikasarma122 · tribute_sent a jugador 4 |
| 53:16 | velikasarma122 · tribute_sent a jugador 5 |
| 53:16 | velikasarma122 · tribute_sent a jugador 6 |
| 53:16 | velikasarma122 · tribute_sent a jugador 7 |
| 53:40 | velikasarma122 · tribute_sent a jugador 1 |
| 53:40 | velikasarma122 · tribute_sent a jugador 2 |
| 53:40 | velikasarma122 · tribute_sent a jugador 3 |
| 53:40 | velikasarma122 · tribute_sent a jugador 4 |
| 53:40 | velikasarma122 · tribute_sent a jugador 5 |
| 53:40 | velikasarma122 · tribute_sent a jugador 6 |
| 53:40 | velikasarma122 · tribute_sent a jugador 7 |
| 53:58 | velikasarma122 · tribute_sent a jugador 1 |
| 53:58 | velikasarma122 · tribute_sent a jugador 2 |
| 53:58 | velikasarma122 · tribute_sent a jugador 3 |
| 53:58 | velikasarma122 · tribute_sent a jugador 4 |
| 53:58 | velikasarma122 · tribute_sent a jugador 5 |
| 53:58 | velikasarma122 · tribute_sent a jugador 6 |
| 53:58 | velikasarma122 · tribute_sent a jugador 7 |
| 54:49 | velikasarma122 · tribute_sent a jugador 1 |
| 54:49 | velikasarma122 · tribute_sent a jugador 2 |
| 54:49 | velikasarma122 · tribute_sent a jugador 3 |
| 54:49 | velikasarma122 · tribute_sent a jugador 4 |
| 54:49 | velikasarma122 · tribute_sent a jugador 5 |
| 54:49 | velikasarma122 · tribute_sent a jugador 6 |
| 54:49 | velikasarma122 · tribute_sent a jugador 7 |
| 55:58 | velikasarma122 · first_building Archery Range |
| 56:34 | velikasarma122 · tribute_sent a jugador 1 |
| 56:34 | velikasarma122 · tribute_sent a jugador 2 |
| 56:34 | velikasarma122 · tribute_sent a jugador 3 |
| 56:34 | velikasarma122 · tribute_sent a jugador 4 |
| 56:34 | velikasarma122 · tribute_sent a jugador 5 |
| 56:34 | velikasarma122 · tribute_sent a jugador 6 |
| 56:34 | velikasarma122 · tribute_sent a jugador 7 |
| 56:43 | velikasarma122 · tribute_sent a jugador 1 |
| 56:43 | velikasarma122 · tribute_sent a jugador 2 |
| 56:43 | velikasarma122 · tribute_sent a jugador 3 |
| 56:43 | velikasarma122 · tribute_sent a jugador 4 |
| 56:43 | velikasarma122 · tribute_sent a jugador 5 |
| 56:43 | velikasarma122 · tribute_sent a jugador 6 |
| 56:43 | velikasarma122 · tribute_sent a jugador 7 |
| 57:55 | dekster · first_building Monastery |
| 60:41 | velikasarma122 · tribute_sent a jugador 1 |
| 60:41 | velikasarma122 · tribute_sent a jugador 2 |
| 60:41 | velikasarma122 · tribute_sent a jugador 3 |
| 60:41 | velikasarma122 · tribute_sent a jugador 4 |
| 60:41 | velikasarma122 · tribute_sent a jugador 5 |
| 60:41 | velikasarma122 · tribute_sent a jugador 6 |
| 60:41 | velikasarma122 · tribute_sent a jugador 7 |
| 64:21 | dekster · age_up imperial |
| 64:37 | g0ldenJew · tribute_sent a jugador 1 |
| 64:37 | g0ldenJew · tribute_sent a jugador 2 |
| 64:37 | g0ldenJew · tribute_sent a jugador 4 |
| 64:37 | g0ldenJew · tribute_sent a jugador 5 |
| 64:37 | g0ldenJew · tribute_sent a jugador 6 |
| 64:37 | g0ldenJew · tribute_sent a jugador 7 |
| 64:37 | g0ldenJew · tribute_sent a jugador 8 |
| 65:14 | Athenaeis · resign |
[ AI ANALYSIS · 1 CREDIT ]
What really happened in this match?
Wolo.gg analyzes every decision: build order, eco, micro, common mistakes by bracket. Personalized analysis on WhatsApp or Discord in 30 seconds.
Civ guide
Goths
Perfil
Jugador #9397142